 Seeded DCSS version 0.30.1-4-g462c640d31 (webtiles) character file.

Game seed: 15660985446129201502 (custom seed)

78 AccursedSamuel the Slasher (level 4, -6/28 HPs)
             Began as a Tengu Monk on Sept 13, 2023.
             Killed by nerve-wracking pain
             ... invoked by an orc priest
              (12 damage)
             ... on level 3 of the Dungeon.
             The game lasted 00:04:25 (782 turns).

AccursedSamuel the Slasher (Tengu Monk)              Turns: 782, Time: 00:04:25

Health: -6/28      AC:  2    Str: 11    XL:     4   Next: 36%
Magic:  5/5        EV: 14    Int: 11    God:
Gold:   48         SH:  0    Dex: 18    Spells: 3/3 levels left

rFire   . . .        e - +7 arbalest of Gyrren {penet, rC++ Stlth-}
rCold   + + .        (shield currently unavailable)
rNeg    . . .        b - +0 robe
rPois   .            (helmet restricted)
rElec   .            (no cloak)
rCorr   .            (no gloves)
SInv    .            (boots unavailable)
Will    .....        (no amulet)
Stlth   +            (no ring)
HPRegen 0.24/turn    (no ring)
MPRegen 0.09/turn

%: no passive effects
@: no status effects
A: beak, talons 3
a: no special abilities


You were on level 3 of the Dungeon.
You visited 1 branch of the dungeon, and saw 3 of its levels.

You collected 48 gold pieces.

Inventory:

Hand Weapons
 a - a +0 falchion
 e - the +7 arbalest of Gyrren (weapon) {penet, rC++ Stlth-}
   (You acquired it on level 1 of the Dungeon)

   rC:        It greatly protects you from cold.
   Stlth:     It makes you less stealthy.
Armour
 b - a +0 robe (worn)
 d - an orb of light
Jewellery
 k - a +4 ring of protection
Scrolls
 f - a scroll of identify {unknown}
 h - 4 scrolls of teleportation {unknown}
 l - a scroll of enchant armour {unknown}
 m - a scroll of noise {unknown}
 o - a scroll of immolation {unknown}
Potions
 c - a potion of ambrosia
 g - a potion of heal wounds {unknown}
 i - a potion of flight {unknown}
 j - 2 potions of magic {unknown}
 n - a potion of degeneration {unknown}


   Skills:
 + Level 3.5 Fighting
 + Level 4.2 Long Blades
 + Level 1.6 Ranged Weapons
 + Level 3.8 Dodging


You had 3 spell levels left.
You didn't know any spells.
Your spell library contained the following spells:

 Spells                   Type           Power      Damage    Failure   Level
 Cigotuvi's Dreadful Rot  Necr/Pois/Air  0%         N/A       47%         2
 Dispel Undead            Necr           0%         3d6       98%         4
 Death Channel            Necr           0%         N/A       100%        6


Dungeon Overview and Level Annotations

Branches:
Dungeon (3/15)

Altars:


Innate Abilities, Weirdness & Mutations

You have a beak for a mouth.
You have claws for feet.


Message History

The bolt pierces through the ball python!!
You kill the ball python!
h - 3 scrolls labelled QAUZ VITWEUHU (gained 2)
A bat comes into view.
Fire: e) +7 arbalest of Gyrren {penet, rC++ Stlth-}
Press: ? - help, Q - select action Shift-Dir - straight line, f - bat
Aim: a bat (53% to hit)
You shoot a bolt. The bolt pierces through the bat!!
You kill the bat!
Fire: e) +7 arbalest of Gyrren {penet, rC++ Stlth-}
Press: ? - help, Q - select action Shift-Dir - straight line, f - you Really target yourself?
Okay, then.
No target in view!
No target in view!
Unknown command.
h - 4 scrolls labelled QAUZ VITWEUHU (gained 1)
An orc priest comes into view. It is wielding a +0 hand axe.
The orc priest shouts!
You hear a shout! x2
The orc priest calls down the wrath of Beogh upon you.
Beogh smites you!
An orc priest is nearby!
Fire: e) +7 arbalest of Gyrren {penet, rC++ Stlth-}
Press: ? - help, Q - select action Shift-Dir - straight line, f - orc priest
Aim: an orc priest, wielding a +0 hand axe (65% to hit)
You shoot a bolt.
The bolt pierces through the orc priest.
The orc priest is lightly wounded.
The orc priest invokes the aid of Beogh against you.
Pain shoots through your body!
* * * LOW HITPOINT WARNING * * *
Fire: e) +7 arbalest of Gyrren {penet, rC++ Stlth-}
Press: ? - help, Q - select action Shift-Dir - straight line, f/p - orc priest
Aim: an orc priest, wielding a +0 hand axe (lightly wounded, 65% to hit)
You shoot a bolt.
The bolt pierces through the orc priest.
The orc priest is moderately wounded.
The orc priest calls down the wrath of Beogh upon you.
Pain shoots through your body!
You die...

## .#
.# #
.# #.
## ...
.# #.
.## .#
#. .#o
#.#
#@#
#.#
#.#
####.#
.#
#....#
.#
#.####
## #.#
#.#
###
#.#
#.#
..#
#.#
#.#


You could see an orc priest.

Vanquished Creatures
  Jessica (D:2)
  An adder (D:2)
  A dart slug (D:2)
  5 endoplasms
  2 giant cockroaches (D:2)
  4 goblins
  3 hobgoblins
  4 kobolds
  4 quokkas
  3 ball pythons
  2 bats
  4 frilled lizards (D:2)
  5 rats
  A spectral kobold (D:2)
40 creatures vanquished.

Notes
Turn   | Place    | Note
-------+----------+-------------------------------------------
     0 | D:1      | AccursedSamuel the Tengu Monk began the quest for the Orb.
     0 | D:1      | Reached XP level 1. HP: 14/14 MP: 2/2
    72 | D:1      | Reached XP level 2. HP: 19/19 MP: 3/3
   141 | D:1      | Identified a scroll of acquirement
   141 | D:1      | Acquired the +7 arbalest of Gyrren {penet, rC++ Stlth-}
   349 | D:2      | Noticed Jessica
   351 | D:2      | Killed Jessica
   352 | D:2      | Reached skill level 4 in Long Blades
   352 | D:2      | Reached XP level 3. HP: 23/23 MP: 4/4
   492 | D:2      | Reached skill level 1 in Ranged Weapons
   494 | D:2      | Reached XP level 4. HP: 28/28 MP: 5/5
   561 | D:2      | Found a faded altar of an unknown god.
   782 | D:3      | Killed from afar by an orc priest

Illustrated notes

Levels and vault maps discovered:
D:1:      minmay_arrival_pointy, layout_loops_ring, minmay_gold_behind_fungi
D:2:      layout_basic, dreamdust_ecumenical_altar_drowned_temple,
          hangedman_decor_clover_reticule, fountainhead,
          uniq_crazy_yiuf_cottage, uniq_jessica
D:3:      layout_loops_ring, general_overflow_altar, serial_bayou_pond_d

Skill      XL: |  1  2  3 |
---------------+----------+-----
Long Blades    | 4 |  4.2
Ranged Weapons | 1 |  1.6
Fighting       | |  3.5
Dodging        | |  3.8

Action                     |  1- 3 |  4- 6 || total
---------------------------+-------+-------++-------
  Melee: Falchion          |    17 |       ||    17
         Kick              |     3 |       ||     3
         Peck              |     2 |       ||     2
   Fire: Arbalest          |    32 |    17 ||    49
    Use: Scroll            |     1 |       ||     1
 Armour: Robe              |     9 |     2 ||    11
  Dodge: Dodged            |    30 |     6 ||    36
